 Dungeon Crawl Stone Soup version 0.29.1-2-gbd0b4ee654 (webtiles) character file.

Game seed: 232185991540553374

60 jamestheduck25 the Vexing (level 3, -2/13 (14) HPs)
             Began as a Felid Enchanter on Nov 16, 2022.
             Slain by Crazy Yiuf
             ... wielding a +2 quarterstaff of chaos
              (5 damage)
             ... on level 2 of the Dungeon.
             The game lasted 00:07:01 (2207 turns).

jamestheduck25 the Vexing (Felid Enchanter)         Turns: 2207, Time: 00:07:03

HP:   -2/13 (14)    AC:  1    Str:  4    XL:     3   Next: 82%
MP:   16/16         EV: 22    Int: 16    God:
Gold: 53            SH:  0    Dex: 18    Spells: 4/6 levels left
                                        Lives: 0   Deaths: 0

rFire   . . .      SeeInvis +     - Unarmed
rCold   . . .      Faith    .   (shield unavailable)
rNeg    . . .      Spirit   .   (body armour unavailable)
rPois   .          Reflect  .   (helmet unavailable)
rElec   .          Harm     .   (cloak unavailable)
rCorr   .          Rampage  .   (gloves unavailable)
Will    .....                   (boots unavailable)
Stlth   +++.......              (no amulet)
HPRegen 0.04/turn               b - +4 ring of evasion
MPRegen 0.15/turn               i - ring of magical power

@: drained, quick
A: very small, claws 1, fangs 3, see invisible, speed 1, shaggy fur 1, stealthy
paws, no weapons or thrown items, no armour, multi-lived
a: no special abilities


You were on level 2 of the Dungeon.
You visited 1 branch of the dungeon, and saw 2 of its levels.

You collected 53 gold pieces.

Inventory:

Armour
 e - a scarf of invisibility
 o - a +1 robe of willpower
Jewellery
 b - a +4 ring of evasion (left paw)
 i - a ring of magical power (right paw)
Scrolls
 c - 2 scrolls of amnesia
 d - 2 scrolls of teleportation {unknown}
 f - 2 scrolls of magic mapping {unknown}
 k - a scroll of noise {unknown}
 m - a scroll of blinking {unknown}
 p - a scroll of fear {unknown}
 q - a scroll of poison {unknown}
Potions
 a - 2 potions of invisibility
 g - a potion of brilliance {unknown}
 h - a potion of degeneration {unknown}
 j - a potion of lignification {unknown}
 l - 5 potions of curing {unknown}
 n - a potion of attraction {unknown}


   Skills:
 + Level 3.4 Dodging
 + Level 4.6 Stealth
 + Level 1.8 Unarmed Combat
 + Level 2.4 Spellcasting
 + Level 5.0 Hexes


You had 4 spell levels left.
You knew the following spells:

 Your Spells              Type           Power      Damage    Failure   Level
a - Ensorcelled Hibernat  Hex/Ice        20%        N/A       11%         2

Your spell library contained the following spells:

 Spells                   Type           Power      Damage    Failure   Level
 Confusing Touch          Hex            18%        N/A       8%          3
 Tukima's Dance           Hex            18%        N/A       8%          3
 Dazzling Flash           Conj/Hex       20%        N/A       22%         3
 Static Discharge         Conj/Air       1%         3-4/arc   30%         2
 Dispel Undead            Necr           1%         3d6       89%         4
 Sticky Flame             Conj/Fire      1%         2d3       89%         4


Dungeon Overview and Level Annotations

Branches:
Dungeon (2/15)

Altars:

Annotations:
D:2 Crazy Yiuf


Innate Abilities, Weirdness & Mutations

You have sharp claws.
You have razor-sharp teeth.
You have supernaturally acute eyesight. (SInv)
You cover ground quickly. (Speed+)
You are covered in fur. (AC +1)
Your paws help you pounce on unaware monsters.
You are incapable of wielding weapons or throwing items.
You cannot wear armour.
You gain extra lives every three experience levels.


Message History

The bat misses you.
You scratch the bat but do no damage. The bat completely misses you.
You scratch the bat.
You kill the bat!
l - 5 murky orange potions (gained 1)
There is an open door here.
You open the door.
A hobgoblin comes into view.
Found a scroll labelled KAKIMEXASO.
There is an open door here.
The helpless hobgoblin fails to defend itself.
You claw the hobgoblin!
You kill the hobgoblin!
No target in view!
You see here a hobgoblin corpse.
q - a scroll labelled KAKIMEXASO You see here a hobgoblin corpse.
There is an open door here.
There is a stone staircase leading down here.
You see here a +0 short sword.
You see here a +0 whip.
You see here a +0 mace.
You open the door.
Crazy Yiuf shouts!
There is an open translucent door here.
You barely miss Crazy Yiuf. Crazy Yiuf completely misses you.
You scratch Crazy Yiuf.
Crazy Yiuf is lightly wounded.
Crazy Yiuf completely misses you.
You barely miss Crazy Yiuf.
Crazy Yiuf is lightly wounded.
Crazy Yiuf completely misses you.
You scratch Crazy Yiuf.
Crazy Yiuf is moderately wounded.
Crazy Yiuf grits, "Snurf!
Fluff verde blue."
Crazy Yiuf hits you with a +2 quarterstaff of chaos!
Ouch! That really hurt!
* * * LOW HITPOINT WARNING * * *
You feel drained.
You die...

##.# #.#..##.#
##..# #.##.##.#
#...# #.##.##.#
#.### #####...# #
##.# ##### #
#..####### #
#.#.#..#.### ####
##### #
#....P..#..##...#
##...# #
#....P.####.@g..#
#....# ##..#.##
###..)# ##...#
###### ####
#...#######
#.........#
###.#.###.# ###
#######.#.###.#
#.#
#.#..##.#......
#.#
#.#..##.....)..
#.#
#.#..##.#...#..


You could see Crazy Yiuf.

Vanquished Creatures
  2 adders (D:2)
  A worm (D:2)
  2 dart slugs (D:2)
  3 ball pythons
  6 bats
  2 endoplasms (D:2)
  4 goblins
  3 hobgoblins (D:2)
  3 kobolds (D:2)
  3 quokkas
  3 frilled lizards (D:1)
  2 rats
34 creatures vanquished.

Notes
Turn   | Place    | Note
-------+----------+-------------------------------------------
     0 | D:1      | jamestheduck25 the Felid Enchanter began the quest for the
                  | Orb.
     0 | D:1      | Reached XP level 1. HP: 7/7 MP: 4/4
   564 | D:1      | Reached XP level 2. HP: 11/11 MP: 6/6
   567 | D:1      | Learned a level 2 spell: Ensorcelled Hibernation
   946 | D:2      | Reached XP level 3. HP: 14/14 MP: 2/7
  1454 | D:2      | Found a runed translucent door.
  1455 | D:2      | Noticed Crazy Yiuf
  1628 | D:2      | Reached skill level 5 in Hexes
  2207 | D:2      | Slain by Crazy Yiuf

Illustrated notes

Levels and vault maps discovered:
D:1:      grunt_arrival_crossed_arrows, layout_rooms
D:2:      kennysheep_six_static_rooms, layout_loops_ring, bh_walls_and_bars,
          uniq_crazy_yiuf_cottage

Skill      XL: |  1  2  3 |
---------------+----------+-----
Dodging        | 3 |  3.4
Hexes          | 5 |  5.0
Stealth        | |  4.6
Unarmed Combat | |  1.8
Spellcasting   | |  2.4

Action                   || total
-------------------------++-------
Melee: Unarmed           ||    97
       Bite              ||     7
 Cast: Ensorcelled Hiber ||    14
  Use: Scroll            ||     1
 Stab: Sleeping          ||    14
Armor: Skin              ||     6
Dodge: Dodged            ||    71
